 Dungeon Crawl Stone Soup version 0.30.0-29-ga12c61a403 (webtiles) character file.

Game seed: 16055758105207233936

123 seaoflcl the Trooper (level 4, -2/36 HPs)
             Began as a Demonspawn Fighter on June 16, 2023.
             Slain by a gnoll
             ... wielding a +0 halberd
              (8 damage)
             ... on level 3 of the Dungeon.
             The game lasted 00:01:31 (1390 turns).

seaoflcl the Trooper (Demonspawn Fighter)           Turns: 1390, Time: 00:01:31

Health: -2/36      AC:  9    Str: 18    XL:     4   Next: 79%
Magic:  4/4        EV:  7    Int: 10    God:
Gold:   129        SH: 10    Dex: 12    Spells: 3/3 levels left

rFire   . . .        a - +0 war axe
rCold   . . .        c - +0 buckler
rNeg    . . .        m - +0 chain mail
rPois   .            (no helmet)
rElec   .            (no cloak)
rCorr   .            (no gloves)
SInv    .            (no boots)
Will    .....        (no amulet) Stlth
                     (no ring)
HPRegen 0.26/turn    (no ring)
MPRegen 0.09/turn

%: no passive effects
@: no status effects
A: large bone plates 2
a: no special abilities


You were on level 3 of the Dungeon.
You visited 1 branch of the dungeon, and saw 3 of its levels.

You collected 129 gold pieces.

Inventory:

Hand Weapons
 a - a +0 war axe (weapon)
Armour
 c - a +0 buckler (worn)
 m - a +0 chain mail (worn)
Jewellery
 f - a ring of fire
Wands
 j - a wand of charming (15)
Scrolls
 e - a scroll of summoning {unknown}
 g - 4 scrolls of magic mapping {unknown}
 h - a scroll of enchant armour {unknown}
 i - 2 scrolls of identify {unknown}
 k - a scroll of noise {unknown}
 l - a scroll of acquirement {unknown}
Potions
 d - a potion of might


   Skills:
 + Level 3.6 Fighting
 * Level 3.2 Axes
 + Level 3.2 Armour
 + Level 3.3 Shields


You had 3 spell levels left.
You didn't know any spells.
Your spell library was empty.

Dungeon Overview and Level Annotations

Branches:
Dungeon (3/15)

Altars:


Innate Abilities, Weirdness & Mutations

You are mostly covered in large bone plates. (SH +6)


Message History

You hit the adder.
The adder is heavily wounded.
You block the adder's attack.
The gnoll hits you from afar with a +0 halberd!
A gnoll comes into view. It is wielding a +0 club.
You barely miss the adder.
The adder is heavily wounded.
The gnoll shouts!
The adder bites you but does no damage. x2; You block the gnoll's attack.
You see here an amethyst potion.
You hit the adder.
The adder is severely wounded.
You block the adder's attack.
The gnoll hits you from afar with a +0 halberd.
The adder bites you but does no damage. The gnoll barely misses you.
The adder barely misses you.
You barely miss the adder.
The adder is severely wounded.
The adder bites you. The gnoll barely misses you. The adder bites you.
You are poisoned.
The adder poisons you! The adder attacks as you move away!
The adder bites you but does no damage. The gnoll attacks as you move away!
The gnoll hits you with a +0 club!
You feel sick.
You hit the adder.
You kill the adder!
You closely miss the gnoll.
You feel sick. You block the gnoll's attack.
You slash the gnoll!
The gnoll is almost dead.
You feel sick. The gnoll barely misses you. You block the gnoll's attack. x2
You hit the gnoll.
You kill the gnoll!
You feel sick.
You are no longer poisoned.
You block the gnoll's attack. You block the gnoll's attack.
You completely miss the gnoll. The gnoll hits you with a +0 halberd.
* * * LOW HITPOINT WARNING * * *
The gnoll hits you with a +0 halberd!
You die...

##.##...............
#..#................
####.##..#..#.##.......
#...........#..#.......
#.##.......###.........
# #.)#...## .........
#.....#..### ........
....#[##.)# .......
...... #@†# ######
.....###g.# #.##. #$.##
. #.#>..# .......
#.....#### #..#...
⌠.#..... #.#......


You could see a gnoll.

Vanquished Creatures
  2 gnolls (D:3)
  5 adders
  A dart slug (D:1)
  4 ball pythons
  4 bats
  5 endoplasms
  4 giant cockroaches
  11 goblins
  4 hobgoblins
  2 quokkas (D:1)
  4 frilled lizards
  5 kobolds
  4 rats
55 creatures vanquished.

Notes
Turn   | Place    | Note
-------+----------+-------------------------------------------
     0 | D:1      | seaoflcl the Demonspawn Fighter began the quest for the
                  | Orb.
     0 | D:1      | Reached XP level 1. HP: 18/18 MP: 1/1
   117 | D:1      | Gained mutation: You are partially covered in large bone
                  | plates. (SH +4) [demonic ancestry]
   117 | D:1      | Reached XP level 2. HP: 24/24 MP: 2/2
   167 | D:1      | Found a faded altar of an unknown god.
   468 | D:2      | Gained mutation: You are mostly covered in large bone
                  | plates. (SH +6) [demonic ancestry]
   468 | D:2      | Reached XP level 3. HP: 29/29 MP: 3/3
   878 | D:2      | Reached XP level 4. HP: 32/35 MP: 4/4
  1390 | D:3      | Slain by a gnoll

Illustrated notes

Levels and vault maps discovered:
D:1:      dpeg_arrival_rhombus, layout_rooms, ebering_ecumenical_altar_box,
          minmay_tripent
D:2:      layout_loops_ring, kennysheep_generic_room_15
D:3:      layout_rooms, dk_noncrumbling_4, grunt_decor_one_mirror

Skill      XL: |  1  2  3  4 |
---------------+-------------+-----
Axes           | 2 3 |  3.2
Armour         | 3 |  3.2
Shields        | 3 |  3.3
Fighting       | |  3.6

Action                     |  1- 3 |  4- 6 || total
---------------------------+-------+-------++-------
  Melee: War axe           |   122 |    37 ||   159
 Armour: Scale mail        |    52 |    12 ||    64
         Chain mail        |       |     7 ||     7
  Dodge: Dodged            |    46 |    16 ||    62
  Block: Buckler           |    61 |    25 ||    86
